Map: Prion Terraces

Players

Gundamluis

  • Race: Protoss Protoss
  • League: Diamond

Redfish - Winner!

  • Race: Protoss Protoss
  • League: Diamond

VOD

Have the link to the VOD?

Description

Time

  • Played on: Feb. 28, 2016, 10:03 p.m.
  • Length: 8:09
Show
View Real Time Build Order
Export as new Build Order

Gundamluis Protoss 

Build Orders: Cannon Rush 

Get SALT Encoding   

  12  0:10  Pylon  
  12  0:13  Probe (Chrono Boost)  
  13  0:26  Probe (Chrono Boost)  
  14  0:33  Forge  
  14  0:36  Probe (Chrono Boost)  
  15  0:47  Probe (Chrono Boost)  
  16  1:07  Pylon  
  16  1:09  Probe (Chrono Boost)  
  18  1:25  Photon Cannon  
  18  1:26  Pylon  
  18  1:32  Probe (Chrono Boost)  
  18  1:40  Photon Cannon  
  18  1:41  Photon Cannon  
  18  1:49  Photon Cannon  
  18  1:57  Pylon  
  18  2:02  Probe (Chrono Boost)  
  20  2:20  Photon Cannon  
  20  2:22  Photon Cannon  
  19  2:38  Photon Cannon  
  19  2:47  Pylon  
  19  2:59  Photon Cannon  
  19  3:01  Photon Cannon  
  19  3:22  Probe (Chrono Boost)  
  20  3:52  Photon Cannon  
  20  3:57  Photon Cannon  
  20  3:58  Photon Cannon  
  20  4:00  Photon Cannon  
  20  4:02  Pylon  
  20  4:04  Photon Cannon  
  20  4:10  Probe (Chrono Boost)  
  21  4:28  Pylon  
  21  4:41  Pylon  
  21  4:43  Gateway  
  21  4:46  Photon Cannon  
  21  4:51  Photon Cannon  
  21  4:52  Photon Cannon  
  21  4:54  Photon Cannon  
  21  4:59  Pylon  
  20  5:08  Probe (Chrono Boost)  
  21  5:14  Photon Cannon  
  21  5:20  Photon Cannon  
  21  5:21  Assimilator  
  21  5:23  Assimilator  
  21  5:35  Photon Cannon  
  20  5:49  Cybernetics Core  
  20  5:58  Probe (Chrono Boost)  
  21  6:10  Pylon  
  19  6:13  Pylon  
  18  6:33  Photon Cannon  
  18  6:51  Pylon  
  18  6:57  Mothership Core (Chrono Boost)  
  20  7:14  Pylon  
  20  7:15  Probe (Chrono Boost)  
  21  7:25  Photon Cannon  
  21  7:35  Pylon  
Show
View Real Time Build Order
Export as new Build Order

Redfish Protoss - Winner!

Build Orders:  

Get SALT Encoding   

  12  0:01  Probe (Chrono Boost)  
  13  0:11  Probe (Chrono Boost)  
  14  0:20  Pylon  
  14  0:23  Probe (Chrono Boost)  
  15  0:38  Probe (Chrono Boost)  
  15  0:40  Gateway  
  16  0:49  Probe (Chrono Boost)  
  17  0:59  Probe (Chrono Boost)  
  17  1:01  Assimilator  
  18  1:10  Probe (Chrono Boost)  
  19  1:20  Probe (Chrono Boost)  
  20  1:31  Probe (Chrono Boost)  
  21  1:34  Zealot (Chrono Boost)  
  21  1:36  Cybernetics Core  
  21  1:37  Pylon  
  23  1:59  Nexus  
  23  2:12  Mothership Core (Chrono Boost)  
  23  2:21  Pylon  
  23  2:25  Assimilator  
  23  2:26  Assimilator  
  23  2:29  Warp Gate  
  23  2:30  Pylon  
  23  2:42  Gateway  
  20  3:13  Gateway  
  20  3:36  Probe (Chrono Boost)  
  21  3:43  Robotics Facility  
  21  4:07  Probe (Chrono Boost)  
  22  4:18  Probe (Chrono Boost)  
  22  4:19  Nexus  
  23  4:28  Probe (Chrono Boost)  
  24  4:32  Immortal (Chrono Boost)  
  24  4:36  Sentry x2  
  32  4:49  Probe  
  32  4:50  Pylon  
  33  4:54  Pylon  
  33  5:01  Probe  
  34  5:12  Immortal (Chrono Boost)  
  34  5:14  Zealot x2  
  42  5:31  Gateway  
  42  5:34  Gateway  
  42  5:39  Nexus  
  42  5:40  Pylon  
  42  5:53  Pylon  
  42  5:56  Pylon  
  42  5:59  Observer (Chrono Boost)  
  41  6:16  Stalker x2  
  45  6:19  Warp Prism (Chrono Boost)  
  47  6:31  Probe  
  48  6:38  Gateway  
  48  6:43  Probe, Forge  
  49  7:00  Zealot x2  
  53  7:01  Sentry x2  
  57  7:21  Stalker x2  
  61  7:34  Zealot  
  61  7:35  Zealot  
  65  7:37  Probe  
  65  7:38  Probe  
  67  7:44  Photon Cannon  
  67  7:49  Probe x2, Photon Cannon  
  69  8:00  Zealot x3  
  69  8:05  Sentry  
Tags
 
Add a new tag
Caveats
  • Supply blocks, unpowered buildings, or Contaminate may cause inaccurate times.
  • Supply counts are checked every 10 seconds.